 Dungeon Crawl Stone Soup version 0.19.0-19-g8c6edcc (webtiles) character file.

1509 Chiseanne the Nimble (level 8, -2/44 HPs)
             Began as a Spriggan Monk on Nov 13, 2016.
             Was a Believer of Trog.
             Slain by an orc warrior
             ... wielding a +0 mace
              (13 damage)
             ... on level 6 of the Dungeon.
             The game lasted 00:09:54 (4686 turns).

Chiseanne the Nimble (Spriggan Monk)                Turns: 4686, Time: 00:09:55

Health: -2/44      AC:  3    Str: 10    XL:     8   Next: 53%
Magic:  0/9        EV: 27    Int: 12    God:    Trog [**....]
Gold:   152        SH:  0    Dex: 20    Spells: 0 memorised, 7 levels left

rFire  . . .     SeeInvis +     a - +4 falchion
rCold  . . .     Gourm    .     b - +0 robe
rNeg   . . .     Faith    .     (shield restricted)
rPois  .         Spirit   +     (helmet restricted)
rElec  .         Reflect  .     v - +0 cloak
rCorr  .         Harm     .     (gloves unavailable)
MR     +++..                    (boots unavailable)
Stlth  +++.......               e - amulet of guardian spirit
                                (no ring)
                                h - +3 ring of strength

@: regenerating, very quick
A: unfitting armour, see invisible, herbivore 3, speed 3, slow metabolism 2
a: Berserk, Trog's Hand, Burn Spellbooks, Renounce Religion


You were on level 6 of the Dungeon.
You worshipped Trog.
Trog was pleased with you.
You were not hungry.

You visited 1 branch of the dungeon, and saw 6 of its levels.

You collected 152 gold pieces.

Inventory:

Hand Weapons
 a - a +4 falchion (weapon)
Missiles
 d - 138 stones
 k - 115 arrows
 n - 2 throwing nets (quivered)
 o - 91 sling bullets
 r - 44 bolts
 s - 19 poisoned needles
Armour
 b - a +0 robe (worn)
 u - a +0 buckler
 v - a +0 cloak (worn)
Jewellery
 e - an amulet of guardian spirit (around neck)
 f - an uncursed amulet of faith {unknown}
 h - a +3 ring of strength (left hand)
Wands
 g - a wand of acid (3/15)
Scrolls
 p - a scroll of remove curse
Potions
 i - 2 potions of brilliance
 j - a potion of flight {unknown}
 l - 2 potions of agility
 m - a potion of ambrosia {unknown}
 q - a potion of heal wounds {unknown}
 t - 3 potions of curing
 w - a potion of beneficial mutation {unknown}
 x - a potion of mutation {unknown}
 z - a potion of haste {unknown}
Comestibles
 c - a bread ration


   Skills:
 * Level 5.5 Fighting
 * Level 5.8 Long Blades
 * Level 9.9 Dodging
 - Level 3.0 Stealth


You had 7 spell levels left.
You didn't know any spells.

Dungeon Overview and Level Annotations

Branches:
Dungeon (6/15)
 Temple: D:4-7

Altars:
Cheibriados
Gozag
Trog


Innate Abilities, Weirdness & Mutations

You are very small and have problems with some larger weapons.
You are too small for most types of armour.
You have supernaturally acute eyesight. (SInv)
You are a herbivore.
You cover ground extremely quickly.
You need consume almost no food.


Message History

The orc hits you. The orc warrior hits you with a mace!!
* * * LOW HITPOINT WARNING * * *
You are too injured to fight recklessly!
You are too injured to fight recklessly!
You are too injured to fight recklessly!
You are too injured to fight recklessly!
You are too injured to fight recklessly!
You are too injured to fight recklessly!
You are too injured to fight recklessly!
You are too injured to fight recklessly!
You are too injured to fight recklessly!
You are too injured to fight recklessly!
You are too injured to fight recklessly!
You are too injured to fight recklessly!
You are too injured to fight recklessly!
You are too injured to fight recklessly!
Your skin crawls.
You feel resistant to hostile enchantments.
You feel somewhat more hungry. The orc warrior hits you with a mace!
You die...

####### ....$.#####
# #......##
#####.###.......#
$......oo@.###..#
.####.#.#....#..####
# ##...#.......#
.....###..##.#
####.......##.#
#########..# ## ####
######### #.## ..#
..# #....†..# #.#
#.# #.# #.......#
#.#


You could see an orc warrior and an orc.

Vanquished Creatures
  Edmund (D:5)
  Duvessa (D:4)
  An orc warrior (D:4)
  A phantom (D:4)
  2 ogres
  The ghost of skk the Skirmisher, an amateur DsFi of Xom (D:3)
  A centaur (D:5)
  Dowan (D:4)
  2 scorpions (D:4)
  2 crimson imps (D:5)
  A hound (D:6)
  2 orc priests
  6 orc wizards
  4 worker ants (D:4)
  2 hound skeletons
  3 gnolls (D:2)
  6 adders
  4 worms
  3 leopard geckos
  13 orcs
  A ball python (D:3)
  3 bats
  8 giant cockroaches
  10 goblins
  8 hobgoblins
  3 jackals (D:5)
  6 kobolds
  4 quokkas
  5 frilled lizards
  14 rats
119 creatures vanquished.

Notes
Turn   | Place    | Note
-------+----------+-------------------------------------------
     0 | D:1      | Chiseanne the Spriggan Monk began the quest for the Orb.
     0 | D:1      | Reached XP level 1. HP: 11/11 MP: 2/2
   185 | D:1      | Reached XP level 2. HP: 15/16 MP: 3/3
   200 | D:1      | Reached skill level 5 in Dodging
   593 | D:2      | Found a bloodstained altar of Trog.
   659 | D:2      | Reached XP level 3. HP: 13/19 MP: 4/4
   766 | D:2      | Became a worshipper of Trog the Wrathful
   766 | D:2      | Reached * piety under Trog
   766 | D:2      | Reached ** piety under Trog
   936 | D:2      | Found a faded altar of an unknown god.
  1294 | D:2      | Found a snail-covered altar of Cheibriados.
  1408 | D:2      | Reached XP level 4. HP: 23/23 MP: 5/5
  1861 | D:3      | Reached skill level 6 in Dodging
  2042 | D:3      | Noticed skk's ghost (amateur DsFi)
  2079 | D:3      | Killed skk's ghost
  2079 | D:3      | Reached XP level 5. HP: 24/28 MP: 2/6
  2889 | D:4      | Found an opulent altar of Gozag.
  2955 | D:4      | Noticed an ogre
  2966 | D:4      | Killed an ogre
  2966 | D:4      | Reached skill level 7 in Dodging
  2966 | D:4      | Reached XP level 6. HP: 32/32 MP: 7/7
  3022 | D:4      | Noticed an orc warrior
  3038 | D:4      | Killed an orc warrior
  3175 | D:4      | Reached skill level 8 in Dodging
  3175 | D:4      | Reached XP level 7. HP: 22/37 MP: 2/8
  3480 | D:4      | Noticed Dowan
  3493 | D:4      | Noticed Duvessa
  3516 | D:4      | Killed Duvessa
  3545 | D:4      | Killed Dowan
  3568 | D:4      | Reached skill level 5 in Long Blades
  3657 | D:4      | Found a bloodstained altar of Trog.
  3775 | D:4      | Reached skill level 9 in Dodging
  3775 | D:4      | Reached XP level 8. HP: 42/42 MP: 9/9
  4066 | D:5      | Entered Level 5 of the Dungeon
  4096 | D:5      | Reached skill level 5 in Fighting
  4216 | D:5      | Noticed Edmund
  4229 | D:5      | Killed Edmund
  4686 | D:6      | Slain by an orc warrior

Skill      XL: |  1  2  3  4  5  6  7  8 |
---------------+-------------------------+-----
Dodging        | 5 6 7 8 9 |  9.9
Long Blades    | 3 4 5 |  5.8
Fighting       | 3 4 5 |  5.5
Stealth        | |  3.0

Action                   |  1- 3 |  4- 6 |  7- 9 || total
-------------------------+-------+-------+-------++-------
Melee: Falchion          |   126 |   161 |   203 ||   490
Throw: Throwing net      |       |       |     1 ||     1
Invok: Berserk           |     1 |     2 |     1 ||     4
       Trog's Hand       |       |     7 |     8 ||    15
  Use: Scroll            |       |    11 |     5 ||    16
       Potion            |       |       |     1 ||     1
 Stab: Sleeping          |     3 |     6 |     5 ||    14
       Invisible         |       |       |     8 ||     8
       Held in net/web   |       |       |     2 ||     2
  Eat: Fruit             |       |     2 |       ||     2
       Bread ration      |       |     1 |     1 ||     2
Armor: Robe              |    11 |    11 |     9 ||    31
Dodge: Dodged            |   144 |   137 |   200 ||   481
       Rpst.: Falchion   |    37 |    47 |    72 ||   156
